 Dungeon Crawl Stone Soup version 0.29.0-4-gdea44cf6ec (webtiles) character file.

Game seed: 16031251023201092817

54 qw the Chopper (level 3, -9/23 HPs)
             Began as a Gargoyle Fighter on Sept 6, 2022.
             Mangled by a gnoll
             ... wielding a +0 halberd
              (13 damage)
             ... on level 2 of the Dungeon.
             The game lasted 00:00:33 (1371 turns).

qw the Chopper (Gargoyle Fighter)                   Turns: 1371, Time: 00:00:34

Health: -9/23      AC: 14    Str: 19 (21) XL:     3   Next: 91%
Magic:  3/3        EV:  5    Int:  7 (8)  God:
Gold:   43         SH:  4    Dex:  8 (9)  Spells: 2/2 levels left

rFire   . . .      SeeInvis .   Y - +0 war axe
rCold   . . .      Faith    .   c - +0 buckler
rNeg    + . .      Spirit   .   e - +0 plate armour
rPois   inf        Reflect  .   (no helmet)
rElec   +          Harm     .   (no cloak)
rCorr   .          Rampage  .   (no gloves)
Will    .....                   (no boots)
Stlth   ..........              (no amulet)
HPRegen 0.07/turn               (no ring)
MPRegen 0.08/turn               (no ring)

@: no status effects
A: sickness immunity, AC +3, negative energy resistance 1, electricity
resistance, torment resistance 1, petrification resistance
a: no special abilities


You were on level 2 of the Dungeon.
You visited 1 branch of the dungeon, and saw 2 of its levels.

You collected 43 gold pieces.


Innate Abilities, Weirdness & Mutations

You are immune to sickness and miasma.
Your stone body is resilient. (AC +3)
You are immune to poison.
You resist negative energy. (rN+)
You are resistant to electric shocks. (rElec)
You are resistant to unholy torment.
You are immune to petrification.


   Skills:
 - Level 3.2 Fighting
 + Level 3.7 Axes
 - Level 3.2 Armour
 - Level 3.2 Shields


You had 2 spell levels left.
You didn't know any spells.
Your spell library was empty.

Inventory:

Hand Weapons
 f - a +0 club
 Y - a +0 war axe (weapon)
Missiles
 g - 2 boomerangs (quivered)
Armour
 a - a +0 cloak
 c - a +0 buckler (worn)
 e - a +0 plate armour (worn)
Jewellery
 l - a ring of fire
Scrolls
 b - a scroll of magic mapping {unknown}
Potions
 d - a potion of might
 n - a potion of curing {unknown}

Dungeon Overview and Level Annotations

Branches:
Dungeon (2/15)

Altars:


Message History

You kill the goblin!
The gnoll hits you but does no damage. The gnoll hits you but does no damage.
The gnoll hits you from afar with a +0 halberd.
You see here a +0 club.
You slash the gnoll!
The gnoll is almost dead.
The gnoll closely misses you. The gnoll hits you but does no damage.
The gnoll hits you from afar with a +0 spear. x2
The gnoll hits you with a +0 spear. The gnoll hits you but does no damage.
You barely miss the gnoll.
The gnoll is almost dead.
The gnoll closely misses you. You block the gnoll's attack.
The gnoll barely misses you.
You barely miss the gnoll.
The gnoll is almost dead.
The gnoll hits you but does no damage. The gnoll barely misses you. x2
The gnoll closely misses you. x2; The gnoll hits you but does no damage.
You hit the gnoll.
You kill the gnoll!
The gnoll hits you but does no damage. x2
You feel your intelligence returning. The gnoll hits you but does no damage.
The gnoll barely misses you.
Things that are here:
a +0 spear; a gnoll corpse You hit the gnoll.
The gnoll is heavily wounded.
You block the gnoll's attack. The gnoll barely misses you.
You hit the gnoll but do no damage.
The gnoll is heavily wounded.
The gnoll hits you but does no damage. x4
You barely miss the gnoll.
The gnoll is heavily wounded.
You block the gnoll's attack. The gnoll hits you but does no damage.
You barely miss the gnoll.
The gnoll is heavily wounded.
The gnoll hits you from afar with a +0 spear.
The gnoll hits you with a +0 halberd!
Ouch! That really hurt!
You die...

#..#.# #... ##.#.#
#..# #.#.# #..# #.#.#
#.. #.#.# #.#
#.###.#.#####.##
#..............#######
#####........).>......
###.#####@.####### #.#
#.gg..... #..
.......## ####
#######... ##


You could see 2 gnolls.

Vanquished Creatures
  An adder (D:1)
  A gnoll (D:2)
  A worm (D:1)
  2 ball pythons
  8 endoplasms
  3 goblins
  4 jackals
  2 frilled lizards (D:1)
  2 kobolds (D:1)
  6 rats (D:1)
30 creatures vanquished.

Notes
Turn   | Place    | Note
-------+----------+-------------------------------------------
     0 | D:1      | qw the Gargoyle Fighter began the quest for the Orb.
     0 | D:1      | Reached XP level 1. HP: 14/14 MP: 1/1
     0 | D:1      | 0 ||| qw: Version: 0.1-a-108-g9e35731
     0 | D:1      | 0 ||| qw: Game counter: 6198
     0 | D:1      | 0 ||| qw: Always use a shield: true
     0 | D:1      | 0 ||| qw: God list: Okawaru
     0 | D:1      | 0 ||| qw: Allow faded altars: false
     0 | D:1      | 0 ||| qw: Do Orc after D:15 true
     0 | D:1      | 0 ||| qw: Do second Lair branch before Depths: true
     0 | D:1      | 0 ||| qw: Lair rune preference: random
     0 | D:1      | 0 ||| qw: Plans: Normal, Zot, God:TSO, Crypt, Tomb, Zig,
                  | Orb
     0 | D:1      | 0 ||| PLANNING D:1-11
   381 | D:1      | Found a faded altar of an unknown god.
   390 | D:1      | Reached XP level 2. HP: 18/19 MP: 2/2
   403 | D:1      | 403 ||| Stepping ~*~*~tactically~*~*~ (stealth).
   551 | D:1      | 551 ||| Stepping ~*~*~tactically~*~*~ (stealth).
   555 | D:1      | 555 ||| Stepping ~*~*~tactically~*~*~ (stealth).
   784 | D:1      | 784 ||| UPGRADING to +0 plate armour.
   794 | D:1      | 794 ||| DROPPING +0 scale mail.
   795 | D:1      | 795 ||| READING scroll labelled GEATADESOM.
   796 | D:1      | 796 ||| READING scroll labelled NAYMAO YHAGEC.
   797 | D:1      | 797 ||| READING scroll labelled UDDOFAFULU.
   898 | D:1      | 898 ||| READING scroll labelled IPSOILO JASUTZ.
   899 | D:1      | 899 ||| READING scroll labelled QEMAYHEONI.
   934 | D:1      | 934 ||| DRINKING 2 sedimented sapphire potions.
   935 | D:1      | 935 ||| DROPPING potion of degeneration.
   971 | D:2      | 971 ||| STAIRDANCE
   975 | D:1      | Reached skill level 3 in Axes
   985 | D:2      | 985 ||| STAIRDANCE
   990 | D:1      | Reached XP level 3. HP: 14/23 MP: 3/3
  1121 | D:2      | 1121 ||| STAIRDANCE
  1175 | D:2      | 1175 ||| STAIRDANCE
  1356 | D:2      | 1356 ||| Stepping ~*~*~tactically~*~*~ (hiding).
  1357 | D:2      | 1357 ||| Stepping ~*~*~tactically~*~*~ (hiding).
  1358 | D:2      | 1358 ||| Stepping ~*~*~tactically~*~*~ (hiding).
  1371 | D:2      | HP: 4/23 [gnoll/+0 spear (6)]
  1371 | D:2      | Mangled by a gnoll

Levels and vault maps discovered:
D:1:      eino_arrival_water_star, layout_loops_ring,
          chequers_ecumenical_altar_simple_redux, nrook_loot_triangle,
          hangedman_feature_mirror, minivault_26, chequers_serial_rivers_marsh
D:2:      layout_loops_ring

Skill      XL: |  1  2 |
---------------+-------+-----
Axes           | 2 3 |  3.7
Fighting       | |  3.2
Armour         | |  3.2
Shields        | |  3.2

Action                   || total
-------------------------++-------
Melee: War axe           ||    82
  Use: Scroll            ||     5
       Potion            ||     1
Armor: Scale mail        ||    10
       Plate armour      ||    49
Dodge: Dodged            ||    38
Block: Buckler           ||    20

Table legend:
 A = Non-vault XP
 B = Vault XP
 C = Vault XP percentage of total XP
 D = Non-vault monster count
 E = Vault monster count
 F = Vault count percentage of total count
                 A         B        C        D         E       F
            +---------+---------+-------+---------+---------+-------
      Total |      73 |       5 |   6.4 |      26 |       4 |  13.3
            +---------+---------+-------+---------+---------+-------
        D:1 |      49 |       5 |   9.3 |      20 |       4 |  16.7
        D:2 |      24 |       0 |   0.0 |       6 |       0 |   0.0
            +---------+---------+-------+---------+---------+-------
